 Dungeon Crawl Stone Soup version 0.28-a0-1128-gb845255321 (webtiles) character file.

Game seed: 7359875036638046639

702 LadyOphelia the Fighter (level 7, 0/69 HPs)
             Began as a Minotaur Berserker on Dec 12, 2021.
             Was a Priest of Trog.
             Succumbed to a naga's splash of poison
             ... on level 5 of the Dungeon.
             The game lasted 00:09:55 (4219 turns).

LadyOphelia the Fighter (Minotaur Berserker)        Turns: 4219, Time: 00:09:56

Health: 0/69       AC:  6    Str: 23    XL:     7   Next: 38%
Magic:  6/6        EV: 11    Int:  4    God:    Trog [***...]
Gold:   163        SH:  0    Dex: 10    Spells: 6/6 levels left

rFire   . . .      SeeInvis .   a - +0 hand axe
rCold   . . .      Faith    +   (no shield)
rNeg    . . .      Spirit   .   j - +0 acid dragon scales
rPois   .          Reflect  .   (helmet restricted)
rElec   .          Harm     .   (no cloak)
rCorr   +          Rampage  .   (no gloves)
Will    .....                   (no boots)
Stlth   +.........              d - amulet of faith
HPRegen 0.21/turn               (no ring)
MPRegen 0.10/turn               (no ring)

@: lethally poisoned (0 -> -3)
A: horns 2, retaliatory headbutt
a: Renounce Religion, Berserk, Trog's Hand


You were on level 5 of the Dungeon.
You worshipped Trog.
Trog was most pleased with you.
You visited 1 branch of the dungeon, and saw 5 of its levels.

You collected 163 gold pieces.

Inventory:

Hand Weapons
 a - a +0 hand axe (weapon)
Armour
 b - a +0 animal skin
 j - +0 acid dragon scales (worn)
Jewellery
 d - an amulet of faith (around neck)
 e - a +6 ring of strength
 f - a +6 ring of intelligence
Wands
 i - a wand of flame (6)
 k - a wand of iceblast (3)
 l - a wand of polymorph (10)
Scrolls
 c - 4 scrolls of identify
 m - a scroll of brand weapon {unknown}


   Skills:
 * Level 8.8 Fighting
 + Level 6.7 Axes
 - Level 2.4 Armour
 - Level 2.1 Dodging


You had 6 spell levels left.
You didn't know any spells.
Your spell library was empty.

Dungeon Overview and Level Annotations

Branches:
Dungeon (5/15)             Temple (0/1) D:5

Altars:
Fedhas
Gozag
Nemelex Xobeh
Trog

Annotations:
D:5 Prince Ribbit


Innate Abilities, Weirdness & Mutations

You have a pair of horns on your head.
You reflexively headbutt those who attack you in melee.


Message History

The ogre is moderately wounded.
The ogre closely misses you. You furiously retaliate!
You headbutt the ogre, but do no damage.
You barely miss the ogre. You headbutt the ogre!
The ogre is heavily wounded.
Prince Ribbit blinks!
The ogre hits you with a +0 giant spiked club!!
You hit the ogre.
The ogre is severely wounded.
Prince Ribbit blinks!
You hit the ogre.
The ogre is severely wounded.
The ogre closely misses you.
You barely miss the ogre.
The ogre is severely wounded.
Prince Ribbit blinks!
The ogre hits you with a +0 giant spiked club!!
* * * LOW HITPOINT WARNING * * *
You slash the ogre!
The ogre is almost dead.
Blink to where?
Press: ? - help, Dir - move target
As you read the scroll of blinking, it crumbles to dust.
Aiming: Polymorph
Press: ? - help, Shift-Dir - straight line, f - ogre
Aim: an ogre, wielding a +0 giant spiked club (almost dead, will become a raiju, a naga, or a cane toad, chance to affect: 46%)
The ogre evaporates and reforms as a naga!
The naga spits poison at you. The splash of poison hits you.
You are poisoned.
* * * LOW HITPOINT WARNING * * *
* * * LOW HITPOINT WARNING * * *
You feel sick.
As you read the scroll of immolation, it crumbles to dust.
The creatures around you are filled with an inner flame!
* * * LOW HITPOINT WARNING * * *
You feel sick.
Prince Ribbit blinks!
* * * LOW HITPOINT WARNING * * *
You feel sick.
You die...

###...#.##.#.# # #
##.##......#
####)######### #....#
##### #....# #...#
##.#)## #...# #.....#
#...#
#.##.#.#.#####...###
#.......†.#.N.@....#
#...#.⌠.#.)..###.......#
...#.......#...######.#.#
.#...⌠.>.⌠.F.#.# #
...#.......#...#
##...#.⌠.#......#
###............#
...#.#.#####.# .#.... . #


You could see Prince Ribbit (inner flame) and a naga (inner flame).

Vanquished Creatures
  An acid dragon (D:4)
  A necrophage (D:5)
  A centaur (D:3)
  A water moccasin zombie (D:5)
  3 scorpions
  An orc priest (D:4)
  Ijyb (D:4)
  An orc wizard (D:4)
  3 adders
  An ufetubus (D:4)
  An adder skeleton (D:4)
  A worm (D:4)
  2 dart slugs (D:2)
  5 orcs (D:4)
  4 endoplasms
  4 giant cockroaches
  5 goblins
  11 hobgoblins
  5 jackals
  6 quokkas
  6 ball pythons
  3 bats
  3 frilled lizards
  5 kobolds
  2 rats
77 creatures vanquished.

Vanquished Creatures (others)
  4 fungi (D:4)
  2 plants (D:4)
6 creatures vanquished.

Grand Total: 83 creatures vanquished

Notes
Turn   | Place    | Note
-------+----------+-------------------------------------------
     0 | D:1      | LadyOphelia the Minotaur Berserker began the quest for the
                  | Orb.
     0 | D:1      | Reached XP level 1. HP: 19/19 MP: 0/0
   144 | D:1      | Reached skill level 4 in Fighting
   149 | D:1      | HP: 1/20 [quokka (5)]
   152 | D:1      | Reached XP level 2. HP: 1/27 MP: 1/1
   757 | D:1      | Found a faded altar of an unknown god.
   937 | D:1      | Reached ** piety under Trog
  1136 | D:2      | Reached XP level 3. HP: 28/34 MP: 2/2
  1321 | D:2      | Reached skill level 5 in Fighting
  2025 | D:3      | Reached XP level 4. HP: 34/42 MP: 3/3
  2192 | D:3      | Noticed a centaur
  2201 | D:3      | Killed a centaur
  2202 | D:3      | Reached skill level 6 in Fighting
  2202 | D:3      | Reached skill level 5 in Axes
  2202 | D:3      | Reached XP level 5. HP: 21/50 MP: 4/4
  2680 | D:4      | Found a blossoming altar of Fedhas.
  2680 | D:4      | Noticed an acid dragon
  2706 | D:4      | Killed an acid dragon
  2707 | D:4      | Reached skill level 7 in Fighting
  2707 | D:4      | Reached XP level 6. HP: 60/60 MP: 5/5
  2758 | D:4      | Found an opulent altar of Gozag.
  2977 | D:4      | Found a bloodstained altar of Trog.
  3029 | D:4      | Found a sparkling altar of Nemelex Xobeh.
  3054 | D:4      | Noticed Ijyb
  3076 | D:4      | Killed Ijyb
  3463 | D:4      | Reached *** piety under Trog
  3691 | D:4      | Reached skill level 8 in Fighting
  4031 | D:5      | Entered Level 5 of the Dungeon
  4055 | D:5      | Reached XP level 7. HP: 51/68 MP: 6/6
  4160 | D:5      | Found a staircase to the Ecumenical Temple.
  4206 | D:5      | Noticed Prince Ribbit
  4216 | D:5      | HP: 2/69 [poisoned by a naga (splash of poison)]
  4219 | D:5      | Succumbed to a naga's splash of poison

Illustrated notes

Levels and vault maps discovered:
D:1:      dpeg_arrival_leaves_temple_mockup, layout_basic,
          hellmonk_ecumenical_altar_blasted, kennysheep_small_spiral
D:2:      layout_rooms, chequers_serial_rivers_small_a
D:3:      layout_loops_ring
D:4:      layout_rooms, mainiacjoe_overflow_24_doors, fedhas_altar_3,
          kennysheep_little_box, lemuel_doored_altar, uniq_ijyb
D:5:      layout_loops_cross, okawaru_altar_gauntlet_db,
          lemuel_coloured_pillars_altar, minmay_temple_entry_sparse_star,
          serial_shops, nicolae_take_the_stairs, uniq_prince_ribbit1

Skill      XL: |  1  2  3  4  5  6 |
---------------+-------------------+-----
Fighting       | 4 5 6 7 8 |  8.8
Axes           | 4 5 6 |  6.7
Armour         | |  2.4
Dodging        | |  2.1

Action                   |  1- 3 |  4- 6 |  7- 9 || total
-------------------------+-------+-------+-------++-------
Melee: Hand axe          |    75 |    78 |    14 ||   167
       Headbutt          |    11 |    17 |     4 ||    32
Invok: Berserk           |     1 |     4 |       ||     5
Evoke: Wand              |       |       |     1 ||     1
  Use: Potion            |     5 |       |       ||     5
       Scroll            |     1 |     4 |     2 ||     7
Armor: Animal skin       |    24 |     5 |       ||    29
       Acid dragon scale |       |    17 |     1 ||    18
Dodge: Dodged            |    69 |    51 |     7 ||   127

Table legend: (Time is in decaauts)
 A = Elapsed time spent in this place.
 B = Non-inter-level travel time spent in this place.
 C = Inter-level travel time spent in this place.
 D = Time resting spent in this place.
 E = Time spent auto-exploring this place.
 F = Levels seen in this place.
 G = Mean time per level.
                   A        B        C        D        E       F      G
               +--------+--------+--------+--------+--------+-----+--------+
         Total |   4249 |   4176 |     73 |   1224 |   2274 |   5 |  849.8 |
       Dungeon |   4249 |   4176 |     73 |   1224 |   2274 |   5 |  849.8 |
               +--------+--------+--------+--------+--------+-----+--------+

Top non-repeatable levels by time:
     D:4: 1389 daAuts
     D:1: 1134 daAuts
     D:3: 773 daAuts
     D:2: 765 daAuts
     D:5: 187 daAuts
